cohdb
Replays
Latest Replays
All Replays
Popular Replays
Top Player Replays
Match Explorer
How It Works
Community
CoH3 Stats
Reddit
Sign in to upload your games and track your stats! →
Sign in with Steam
Match 38875684
Unlisted
Match 38875684
Overview
Messages
Build Orders
End
Construct Barracks
Riflemen Squad
Riflemen Squad
Riflemen Squad
Grenade Package
Construct Medical Station
Selects Smoke Screen
Selects M29 Weasel Recon Vehicle
Engineer Squad
Air Support Center
M29 Weasel Recon Vehicle
P-47 Dive Bomb
P-47 Strafing Run
M1918 Browning Automatic Rifles
Engineer Squad
Construct Motor Pool
M8 Greyhound Armored Car
Air Supremacy
Selects P-47 Anti-Infantry Loiter
Selects UNKNOWN (2162291)
P-47 Strafing Run
P-47 Dive Bomb
Engineer Squad
P-47 Strafing Run
M1 Anti-tank Gun Team
Selects SSF Commando Squad
Construct Tank Depot
Engineer Squad
M4A1 Sherman Medium Tank
P-47 Anti-Infantry Loiter
P-47 Anti-Infantry Loiter
Selects Assault Operation
Air Supply
Advanced Air Reconnaissance
P-47 Strafing Run
P-47 Dive Bomb
M4A1 Sherman Medium Tank
P-47 Dive Bomb
P-47 Strafing Run
P-47 Dive Bomb
Riflemen Squad
Selects Special Operations Battlegroup
Selects Special Operations Battlegroup
CPU - Standard
CPU - Expert
A_Smoove
CPU - Hard
CPU - Expert
CPU - Hard
0
0
Comments
sign in to comment!
No comments posted yet!